[Event "*** Titled Tuesday Blitz"]
[Site "Chess.com"]
[Date "2020.03.03"]
[Round "6"]
[White "Ali_rastbod"]
[Black "VerdeNotte"]
[Result "1-0"]
[WhiteElo "2666"]
[BlackElo "2794"]
[TimeControl "180+1"]
[EndTime "10:05:30 PST"]
[Termination "Ali_rastbod won by resignation"]

1. Nf3 g6 2. d4 Nf6 3. g3 Bg7 4.
Bg2 c5 5. c4 cxd4 6. Nxd4 d5 7. O-O dxc4 8. Qa4+ Nbd7 9. Rd1 O-O 10. Qxc4 Nb6 11. Qc2 Qe8 12. Nc3 a6 13. Qb3 Nbd7 14.
Qb4 Rb8 15. h3 e5 16. Nb3 b6 17. Be3 Bb7 18. Bxb7 Rxb7 19. Rd6 Qe7 20. Rad1 Ne8 21. R6d4 Nc5 22. R4d2 Nxb3 23. Qxe7 Rxe7 24. axb3 Nf6 25. Rd6 Rb7 26. Rxb6 Rxb6 27. Bxb6 Rb8 28. Rd6 h5 29. Rd8+ Rxd8 30. Bxd8 Nd7 31. b4 f5 32. e4 fxe4 33. Nxe4 Bf8 34. Ba5 Kf7 35. Kf1 Ke6 36. Ke2 Kd5 37.
Kd3 Be7 38. Nc3+ Kc6 39. Kc4 e4 40. Nxe4 Ne5+ 41. Kd4 Nf3+ 42. Ke3 Ne5 43. b3 Kd5 44. Nc3+ Ke6 45. b5 axb5 46. Nxb5 Bc5+ 47. Ke2 Nc6 48.
Bd2 Kd5 49. Be3 Be7 50. Nc3+ Ke5 51. f4+ Kf5 52. Kf3 Nb4 53. g4+ Ke6 54. Ke4 hxg4 55. hxg4 Bf6 56. Nb5 Kd7 57. Bd4 Be7 58. Nc3 Nc6 59.
Nd5 Bd6 60. Be5 Ba3 61. Bc3 Ke6 62. Nc7+ Kd7 63. Nb5 Bc1 64. Nd4 Ne7 65. Nf3 Ba3 66. Bf6 Nc8 67. Ne5+ Ke6 68. Bg5 Nd6+ 69. Kd3 Nf7 70.
Nxf7 Kxf7 71. Kc4 Ke6 72. b4 Kd7 73. b5 Bd6 74. Kd5 Bc7 75. f5 gxf5 76. gxf5 Bb6 77. Bf6 Ke8 78. Kc6 Be3 79. Be5 Ke7 80. b6 Bf2 81. b7 Ba7 82. Kd5 Kd7 83. b8=Q Bxb8 84. Bxb8 Kc8 85. Bd6 Kd7 86. f6 Ke8 87. Ke6 1-0

[Event "*** Titled Tuesday Blitz"]
[Site "Chess.com"]
[Date "2020.03.03"]
[Round "6"]
[White "TwentyHourADay"]
[Black "talman67"]
[Result "0-1"]
[WhiteElo "2317"]
[BlackElo "2557"]
[TimeControl "180+1"]
[EndTime "10:05:30 PST"]
[Termination "talman67 won on time"]

1. e4 e5 2. Nf3 Nc6 3. d4 exd4 4. Nxd4 Nf6 5. Nxc6 bxc6 6. e5 Qe7 7. Qe2 Nd5 8. c4 Nb6 9. b3 a5 10. g3 a4 11. Bb2 axb3 12. axb3 Rxa1 13. Bxa1 Qb4+ 14. Nd2 Qa3 15. Qd1 Bb4 16. Bd3 Bxd2+ 17. Kxd2 O-O 18. Qc2 h6 19. Bc3 Qc5 20. f4 d6 21. Re1 Re8 22.
Re2 Rd8 23. exd6 Qxd6 24. Be5 Qc5 25. Kc1 Bg4 26. Re1 Qb4 27. Bc3 Qd6 28. Be4 Nd7 29. b4 Nf6 30. c5 Qd7 31. Bg2 Nd5 32. Bxd5 Qxd5 33. Qd2 Ra8 34. Qxd5 cxd5 35. Kb2 c6 36. Ra1 Re8 37. Re1 Rb8 38. Kb3 Be6 39. Bd4 Kf8 40.
Re5 Rb7 41. f5 Bd7 42. g4 f6 43. Re1 Kf7 44. Ra1 h5 45. h3 hxg4 46. hxg4 g6 47. fxg6+ Kxg6 48. Rf1 f5 49. gxf5+ Bxf5 50. Rg1+ Kh5 51.
Rh1+ Kg4 52. Rh6 Rc7 53. Be5 Rc8 54. Rd6 Bd3 55. Rf6 Bb5 56. Rf4+ Kg5 57. Bd6 Re8 58.
Rf3 Kg4 59. Rf4+ Kg5 60. Rf3 Re4 61. Rg3+ Kf5 62. Rf3+ Ke6 63. Rh3 d4 64. Rh6+ Kf5 65.
Rh5+ Kg6 66. Rh3 d3 67. Rf3 Kg5 68. Kc3 Re2 69. Rxd3 Bxd3 70. Kxd3 Rb2 71. Kc3 Rb1 72. Bc7 Kf5 73. Ba5 Ke6 74. Kd4 Rd1+ 75. Kc4 Rh1 76. Bc7 Rh4+ 77. Kc3 Kd5 78. Ba5 Rc4+ 79. Kb3 Rg4 80.
Ka4 Kc4 81. Bb6 Rg2 82. Ka3 Rg3+ 83. Ka4 Rb3 84. Ba5 Rb1 85. Ka3 Ra1+ 86. Kb2 Rf1 0-1

[Event "*** Titled Tuesday Blitz"]
[Site "Chess.com"]
[Date "2020.03.03"]
[Round "6"]
[White "isla88"]
[Black "Dixit_Nikhil"]
[Result "0-1"]
[WhiteElo "2300"]
[BlackElo "2549"]
[TimeControl "180+1"]
[EndTime "10:05:32 PST"]
[Termination "Dixit_Nikhil won by resignation"]

1. c4 Nf6 2. Nc3 g6 3. e4 d6 4. d4 Bg7 5. h3 O-O 6. Be3 e5 7. d5 a5 8. g4 Na6 9. Nge2 Nd7 10. Ng3 Nac5 11. Qc2 c6 12. O-O-O cxd5 13. Nxd5 Nb6 14. Rg1 Nxd5 15. exd5 a4 16. a3 Nb3+ 17. Kb1 b5 18.
cxb5 Bd7 19. Ne4 Rc8 20. Nc3 e4 21. Qxe4 f5 22. Qxa4 Nc5 23. Bxc5 Rxc5 24. Qb3 Qa5 25. Qb4 Qc7 26. b6 Qb7 27. Na4 Bxa4 28. Qxa4 fxg4 29. Qa7 Rxf2 30. Qxb7 Rxb2+ 31. Ka1 Be5 32. Qe7 Bc3 33. Qe6+ Kg7 34. Qe3 Rxb6+ 35. Qxc3+ Rxc3 36. Rd3 Rc1+ 37. Ka2 Rc2+ 38. Ka1 Rc1+ 39. Ka2 Rbb1 40. Rxg4 Rxf1 41. Rg2 Ra1+ 42. Kb3 Rfb1+ 43. Rb2 h5 44. a4 Rxb2+ 45. Kxb2 Rxa4 46. Rb3 Re4 47. Rb7+ Kf6 48. Kc2 Ke5 49. Rg7 Rh4 50. Rxg6 Kxd5 51. Rg3 Kc4 52. Kd2 d5 53. Ra3 d4 54. Ra4+ Kd5 55. Ra5+ Ke4 56. Ra3 Rf4 57. Ke2 h4 58. Ra8 d3+ 59. Ke1 Kf3 60. Rh8 Kg3 61.
Kd2 Re4 62. Kxd3 Re7 63. Rg8+ Kxh3 64. Kd2 Kh2 65. Kd1 h3 66. Kd2 Re6 67. Rg7 Re5 68.
Kd1 Re3 69. Kd2 Rg3 70. Ra7 Kg2 71. Ra2 h2 72. Ke1+ Kg1 73. Ra1 h1=Q 74. Ke2+ Kg2 0-1

[Event "*** Titled Tuesday Blitz"]
[Site "Chess.com"]
[Date "2020.03.03"]
[Round "6"]
[White "Abund"]
[Black "Vyacheslav_N"]
[Result "0-1"]
[WhiteElo "2697"]
[BlackElo "2604"]
[TimeControl "180+1"]
[EndTime "10:05:49 PST"]
[Termination "Vyacheslav_N won by checkmate"]

1. Nf3 d5 2. d4 c6 3. c4 Nf6 4. e3 a6 5. Nbd2 Bg4 6. Bd3 Nbd7 7. O-O e5 8. cxd5 Nxd5 9. Be2 exd4 10. Nxd4 Bxe2 11.
Qxe2 Bc5 12. N2b3 Bb6 13. e4 Ne7 14. e5 Nc5 15. Nxc5 Bxc5 16. Nb3 Bb6 17. e6 Nd5 18.
exf7+ Kxf7 19. Be3 Re8 20. Rae1 Nxe3 21. fxe3+ Kg8 22. Qc4+ Kh8 23. Rf3 Qd5 24. Qf4 h6 25. Kh1 a5 26. e4 Qe6 27. e5 a4 28. Nd4 Bxd4 29. Qxd4 Qxa2 30. Qd7 Qe6 31. Qxb7 Rab8 32. Qa7 Rxb2 33. Rg3 Qe7 34. Qxa4 Rb4 35. Qxc6 Rbb8 36. Qe4 Rb5 37. Rge3 Rc5 38. h3 Rb5 39. e6 Rc5 40.
Rf3 Rc6 41. Rfe3 Rd6 42. Qf5 Rf8 43. Qg4 Rf6 44. Re5 Rd8 45. Qe4 Rff8 46. Qe2 Rd6 47. Qe3 Rfd8 48. Qe4 Rd4 49. Qg6 Rf8 50. Rf5 Rdd8 51.
Rfe5 Rf6 52. Qg4 Rd6 53. Qe2 Rd8 54. Qc4 Rff8 55. Qb3 Rfe8 56. Qa2 Rf8 57. Qa6 Rf6 58. Qe2 Rff8 59. Qe4 Rd6 60. Qe3 Rf6 61. Qg3 Rf8 62. Qg4 Rdd8 63. R5e4 Rd6 64. Rd4 Rfd8 65. Rf4 Re8 66.
Rfe4 Rf8 67. Qg3 Rf6 68. Rg4 Rf8 69. Rg6 Rd5 70. Kh2 Rg5 71. Rxg5 hxg5 72. Qe5 Re8 73. Re4 Kh7 74. Qf5+ Kh6 75. Qg4 Qf6 76. Qg3 Rxe6 77. Rg4 Qe5 78. Kg1 Qxg3 79. Rxg3 Re1+ 80. Kf2 Re6 81. Kf3 Rf6+ 82. Ke4 Kh5 83. Rg4 Rf2 84. Ke5 g6 85. Ke6 Rf5 86. Ke7 Rf4 87. Rg3 g4 88.
hxg4+ Rxg4 89. Rf3 Rxg2 90. Kf6 g5 91. Kf5 g4 92. Rf1 Kh4 93. Kf4 g3 94. Kf3 Kh3 95.
Rh1+ Rh2 96. Rg1 Rf2+ 97. Ke3 Kh2 98. Rc1 Rf6 99. Rc5 Rh6 100. Kf3 Rf6+ 101. Kg4 g2 102. Rc2 Kh1 103. Kh3 g1=Q 104. Rf2 Rh6# 0-1

[Event "*** Titled Tuesday Blitz"]
[Site "Chess.com"]
[Date "2020.03.03"]
[Round "7"]
[White "Peroncio"]
[Black "juniortay"]
[Result "1-0"]
[WhiteElo "2652"]
[BlackElo "2480"]
[TimeControl "180+1"]
[EndTime "10:08:41 PST"]
[Termination "Peroncio won by resignation"]

1. Nf3 d5 2. g3 c5 3. c4 e6 4.
cxd5 exd5 5. d4 Nc6 6. Bg2 Nf6 7. O-O cxd4 8. Nxd4 Bc5 9. Nb3 Bb6 10. Nc3 O-O 11. Bg5 Be6 12. Na4 h6 13. Nxb6 axb6 14. Be3 d4 15. Nxd4 Nxd4 16. Bxd4 Bxa2 17. Bxb7 Rb8 18.
Bg2 Bd5 19. Bxf6 1-0

[Event "*** Titled Tuesday Blitz"]
[Site "Chess.com"]
[Date "2020.03.03"]
[Round "7"]
[White "RitvarsReimanis"]
[Black "Msb2"]
[Result "0-1"]
[WhiteElo "2624"]
[BlackElo "2863"]
[TimeControl "180+1"]
[EndTime "10:08:42 PST"]
[Termination "Msb2 won by resignation"]

1. d4 Nf6 2. c4 e6 3. Nf3 d5 4. Nc3 Bb4 5. Bg5 dxc4 6. Qa4+ Nc6 7. Ne5 Qxd4 8. Nxc6 Bxc3+ 9. bxc3 Qxc3+ 10. Kd1 Qxa1+ 11. Kd2 Ne4+ 12. Ke3 Nxg5 13. Ne5+ c6 14. f4 Qc1+ 0-1

[Event "*** Titled Tuesday Blitz"]
[Site "Chess.com"]
[Date "2020.03.03"]
[Round "7"]
[White "mitraasz"]
[Black "AlexTruskavetsky"]
[Result "1-0"]
[WhiteElo "2151"]
[BlackElo "2399"]
[TimeControl "180+1"]
[EndTime "10:08:53 PST"]
[Termination "mitraasz won by resignation"]

1. d4 Nf6 2. Nf3 e6 3. e3 d5 4. Bd3 Be7 5. O-O O-O 6. Nbd2 c5 7. b3 cxd4 8. exd4 Nc6 9. a3 a6 10. Bb2 b5 11. Ne5 Bb7 12. Re1 Rc8 13. Re3 Nxe5 14. dxe5 Nd7 15. Bxh7+ Kh8 16. Qh5 1-0

[Event "*** Titled Tuesday Blitz"]
[Site "Chess.com"]
[Date "2020.03.03"]
[Round "7"]
[White "Gabix_94"]
[Black "MergenKakabaev"]
[Result "1-0"]
[WhiteElo "2703"]
[BlackElo "2491"]
[TimeControl "180+1"]
[EndTime "10:09:30 PST"]
[Termination "Gabix_94 won by resignation"]

1. d4 d5 2. c4 c6 3. Nc3 Nf6 4. Nf3 e6 5. Qd3 Nbd7 6. g3 Be7 7. Bg2 b6 8. O-O Bb7 9. b3 c5 10. cxd5 exd5 11. dxc5 Nxc5 12. Qf5 O-O 13. Rd1 Qc8 14. Qb1 Nce4 15. Nxe4 dxe4 16. Nd4 Rd8 17. Bb2 Qg4 18.
e3 h5 19. h3 Qg5 20. Qc2 Rac8 21. Qe2 h4 22. gxh4 Qxh4 23. Nf5 Rxd1+ 24. Rxd1 1-0

[Event "*** Titled Tuesday Blitz"]
[Site "Chess.com"]
[Date "2020.03.03"]
[Round "7"]
[White "DishonorOnYourCow"]
[Black "marcodobrikov"]
[Result "1-0"]
[WhiteElo "2310"]
[BlackElo "2552"]
[TimeControl "180+1"]
[EndTime "10:09:49 PST"]
[Termination "DishonorOnYourCow won by resignation"]

1. d4 Nf6 2. c4 g6 3. Nc3 d5 4. cxd5 Nxd5 5. e4 Nxc3 6. bxc3 Bg7 7.
Nf3 c5 8. Be2 O-O 9. O-O Nc6 10.
Be3 cxd4 11. cxd4 Bg4 12. d5 Bxa1 13. Qxa1 Bxf3 14. Bxf3 Nb4 15. Bh6 f6 16. Bxf8 Kxf8 17. Qb2 Qd6 18. a3 Nd3 19. Qxb7 Qb8 20. Qa6 Nc5 21.
Qc6 Qc8 22. Rc1 Qxc6 23. dxc6 Nd3 24. Rc3 Ne5 25. Be2 Rc8 26. c7 Ke8 27. Bb5+ Nd7 28. Ba6 Nb6 29. Bxc8 Nxc8 30. Rd3 1-0

[Event "*** Titled Tuesday Blitz"]
[Site "Chess.com"]
[Date "2020.03.03"]
[Round "7"]
[White "czasnaszachy"]
[Black "DonBroca"]
[Result "1-0"]
[WhiteElo "2273"]
[BlackElo "2060"]
[TimeControl "180+1"]
[EndTime "10:09:52 PST"]
[Termination "czasnaszachy won by resignation"]

1. d4 Nf6 2. c4 g6 3. Nc3 Bg7 4.
e4 d6 5. f4 O-O 6. Nf3 c5 7.
d5 Nbd7 8. Bd3 e5 9. dxe6 fxe6 10. O-O a6 11. Ng5 Qe7 12. Qe1 h6 13. Nh3 Rb8 14. Qg3 Kh7 15. e5 1-0

[Event "*** Titled Tuesday Blitz"]
[Site "Chess.com"]
[Date "2020.03.03"]
[Round "7"]
[White "Vyacheslav_N"]
[Black "Vaathi_Coming"]
[Result "0-1"]
[WhiteElo "2592"]
[BlackElo "2835"]
[TimeControl "180+1"]
[EndTime "10:10:00 PST"]
[Termination "Vaathi_Coming won by resignation"]

1. e4 c6 2. d4 d5 3. Nd2 dxe4 4. Nxe4 Nf6 5. Nxf6+ exf6 6. c3 Bd6 7. Bd3 O-O 8.
Qc2 Re8+ 9. Ne2 h5 10. Be3 Qa5 11.
O-O Qc7 12. h3 Nd7 13. c4 Qd8 14. Rad1 Nf8 15. Nc3 Ne6 16. Bf5 g6 17. Bxe6 Bxe6 18. d5 Bf5 19. Qd2 c5 20. Nb5 b6 21. Nxd6 Qxd6 22. Bf4 Qd7 23. Rfe1 g5 24. Bh2 h4 25.
Rxe8+ Rxe8 26. Re1 Rxe1+ 27. Qxe1 Qa4 28. Qc3 Qd1+ 0-1

[Event "*** Titled Tuesday Blitz"]
[Site "Chess.com"]
[Date "2020.03.03"]
[Round "7"]
[White "nonscitis"]
[Black "Manukyan_Artak"]
[Result "0-1"]
[WhiteElo "2601"]
[BlackElo "2428"]
[TimeControl "180+1"]
[EndTime "10:10:14 PST"]
[Termination "Manukyan_Artak won by resignation"]

1. d4 Nf6 2. c4 e6 3. Nf3 b6 4.
g3 Bb7 5. Bg2 c5 6. d5 exd5 7.
Nh4 g6 8. cxd5 d6 9. O-O Bg7 10.
Nc3 O-O 11. e4 Re8 12. Re1 a6 13. a4 Nbd7 14. f4 c4 15. Bf3 Nc5 16. e5 dxe5 17. fxe5 Nd3 18. Rf1 Nxd5 19. e6 Rxe6 20. Bg4 Bd4+ 0-1

[Event "*** Titled Tuesday Blitz"]
[Site "Chess.com"]
[Date "2020.03.03"]
[Round "7"]
[White "giantslayer83"]
[Black "adricalderon8"]
[Result "1-0"]
[WhiteElo "2663"]
[BlackElo "2422"]
[TimeControl "180+1"]
[EndTime "10:10:27 PST"]
[Termination "giantslayer83 won by resignation"]

1. d4 Nf6 2. Bg5 d5 3. e3 Nbd7 4. Nd2 e6 5. Bd3 c5 6. c3 Be7 7. Ngf3 b6 8. O-O Bb7 9. Qb1 h6 10. Bxf6 Nxf6 11. Bb5+ Kf8 12. Ne5 g6 13. Bd3 Ne4 14.
Nxe4 dxe4 15. Bxe4 Bxe4 16. Qxe4 Kg7 17. Rad1 Qc7 18.
dxc5 Qxc5 19. Rd7 Rhe8 20. Rfd1 Rad8 21. Qf4 f6 22. Ng4 g5 23. Qxf6+ Kh7 24. Qxh6+ Kg8 25. Qg6+ Kh8 26. Nf6 Qf5 27. Qh6+ 1-0

[Event "*** Titled Tuesday Blitz"]
[Site "Chess.com"]
[Date "2020.03.03"]
[Round "7"]
[White "MarcoRiehle"]
[Black "TigrVShlyape"]
[Result "0-1"]
[WhiteElo "2749"]
[BlackElo "2889"]
[TimeControl "180+1"]
[EndTime "10:10:28 PST"]
[Termination "TigrVShlyape won by resignation"]

1. e4 b6 2. d4 Bb7 3. Bd3 e6 4. Nf3 g6 5. O-O Bg7 6. c4 d6 7. Nc3 Nd7 8. Re1 Ne7 9. h3 h6 10. a3 g5 11. b4 a5 12. Bb2 Ng6 13. e5 dxe5 14. Bxg6 fxg6 15. Qd3 O-O 16. Qxg6 Rf6 17. Qh5 Bxf3 18. gxf3 axb4 19. dxe5 bxc3 20. exf6 Nxf6 21. Qg6 cxb2 22. Rad1 Qe8 23. Qc2 Nh5 24. c5 bxc5 25. Qxc5 Qf7 26. Qc6 Rf8 27. Rd7 Qf5 28. Qe4 Qxe4 29.
fxe4 c5 30. Rc7 Bd4 0-1

[Event "*** Titled Tuesday Blitz"]
[Site "Chess.com"]
[Date "2020.03.03"]
[Round "7"]
[White "ArlanCabe"]
[Black "Irishchessman16"]
[Result "1-0"]
[WhiteElo "2350"]
[BlackElo "2195"]
[TimeControl "180+1"]
[EndTime "10:10:48 PST"]
[Termination "ArlanCabe won by resignation"]

1. e4 c5 2. Nf3 Nc6 3. d4 cxd4 4. Nxd4 Nf6 5. Nc3 e5 6. Ndb5 d6 7. Bg5 a6 8. Na3 b5 9. Nd5 Be7 10. Bxf6 Bxf6 11. c3 Bg5 12. Nc2 Rb8 13. Bd3 O-O 14. h4 Bh6 15. g4 g6 16. g5 Bg7 17. Qf3 f5 18. gxf6 Bxf6 19. h5 Bg5 20. Qg3 Kg7 21.
Nce3 b4 22. c4 Nd4 23. O-O-O Rf3 24. Qh2 Qf8 25. hxg6 h6 26. Rdf1 Bh3 27. Rfg1 Be6 28. Rxg5 1-0

[Event "*** Titled Tuesday Blitz"]
[Site "Chess.com"]
[Date "2020.03.03"]
[Round "7"]
[White "Jungle_Jaguar"]
[Black "Grieve72"]
[Result "1-0"]
[WhiteElo "2586"]
[BlackElo "2404"]
[TimeControl "180+1"]
[EndTime "10:10:49 PST"]
[Termination "Jungle_Jaguar won by resignation"]

1. e4 c5 2. Nf3 e6 3. d4 cxd4 4. Nxd4 Nc6 5. Nc3 Qc7 6. Be3 a6 7.
Be2 Nf6 8. O-O Bb4 9. Nxc6 bxc6 10. Qd4 c5 11. Qc4 O-O 12. Na4 d5 13. exd5 exd5 14. Qf4 Qxf4 15. Bxf4 c4 16. Bf3 Bg4 17. Bxg4 Nxg4 18.
Nb6 Rad8 19. Bc7 Rde8 20. Nxd5 Bd2 21. h3 Nh6 22. Bd6 Re2 23. Bxf8 Kxf8 24. c3 Nf5 25. b3 Ke8 26. bxc4 Kd7 27. Rab1 Kd6 28. Rb7 f6 29. Rb6+ Kc5 30. Rxa6 Kxc4 31. Nc7 Bxc3 32. Rc6+ Kd3 33. Rd1+ Kc2 34. Rd5 Nd4 35. Rxd4 1-0

[Event "*** Titled Tuesday Blitz"]
[Site "Chess.com"]
[Date "2020.03.03"]
[Round "7"]
[White "Shield12"]
[Black "Kobalia"]
[Result "1-0"]
[WhiteElo "2891"]
[BlackElo "2624"]
[TimeControl "180+1"]
[EndTime "10:10:50 PST"]
[Termination "Shield12 won by resignation"]

1. e4 c6 2. d4 d5 3. exd5 cxd5 4. Bd3 Nc6 5. c3 g6 6. Nf3 Bf5 7. Ne5 Bxd3 8. Qxd3 Bg7 9. Bf4 Nf6 10. Nd2 O-O 11. O-O Nh5 12. Bg3 Nxg3 13. Qxg3 Bxe5 14. dxe5 d4 15.
e6 f5 16. Rad1 dxc3 17. bxc3 Qb8 18. f4 Qd6 19. Rfe1 Rad8 20. h4 Qd3 21. Nf3 Qxc3 22.
h5 Kg7 23. Rd7 Rxd7 24. exd7 Rd8 25. hxg6 hxg6 26. Re6 Qa1+ 27. Kh2 Rh8+ 28. Nh4 Kf8 29.
Rxg6 Qxa2 30. Rxc6 1-0

[Event "*** Titled Tuesday Blitz"]
[Site "Chess.com"]
[Date "2020.03.03"]
[Round "7"]
[White "annacramling"]
[Black "ZEN-22"]
[Result "0-1"]
[WhiteElo "1922"]
[BlackElo "2216"]
[TimeControl "180+1"]
[EndTime "10:10:56 PST"]
[Termination "ZEN-22 won by resignation"]

1. d4 b6 2. c4 Bb7 3. Nc3 e6 4.
e4 Bb4 5. Qc2 f5 6. Bd3 Nf6 7. d5 fxe4 8. Bxe4 exd5 9. cxd5 Qe7 10. f3 Bxd5 11. Bd2 Bxc3 12. Bxc3 Nxe4 13. fxe4 Bxe4 14.
Qe2 Bxg2 15. Qxe7+ Kxe7 16. O-O-O Bxh1 17. Bxg7 Rg8 18. Re1+ Kd8 19. Bf6+ Kc8 20. Nh3 Bd5 21. Nf4 Bxa2 22. Kc2 Bf7 23. Re7 Bg6+ 24. Kc3 Nc6 25.
Re3 Bf5 26. Nd5 Kb7 27. Bh4 Be6 28. Nf4 Rae8 29. Bg3 Bf5 0-1

[Event "*** Titled Tuesday Blitz"]
[Site "Chess.com"]
[Date "2020.03.03"]
[Round "7"]
[White "Jospem"]
[Black "VitaliyBernadskiy"]
[Result "1-0"]
[WhiteElo "2929"]
[BlackElo "2792"]
[TimeControl "180+1"]
[EndTime "10:10:59 PST"]
[Termination "Jospem won by resignation"]

1. c4 Nf6 2. g3 g6 3. Bg2 Bg7 4. Nc3 O-O 5. d4 Nc6 6. e3 e5 7.
Nge2 exd4 8. exd4 d6 9. O-O Bf5 10. h3 h5 11. Bg5 Qc8 12. Kh2 Re8 13. f3 Bd7 14. Qd2 a6 15. g4 Nh7 16. Bh4 Ne7 17. Ng3 b5 18. Rae1 Nc6 19. gxh5 Nxd4 20. Nd5 Ne6 21.
hxg6 fxg6 22. f4 bxc4 23. f5 gxf5 24. Nxf5 Kh8 25. Nxg7 Nxg7 26. Ne7 Rxe7 27. Rxe7 Rb8 28. Rff7 1-0

[Event "*** Titled Tuesday Blitz"]
[Site "Chess.com"]
[Date "2020.03.03"]
[Round "7"]
[White "Noam_Vitenberg"]
[Black "Shant_Sargsyan"]
[Result "0-1"]
[WhiteElo "2434"]
[BlackElo "2999"]
[TimeControl "180+1"]
[EndTime "10:10:59 PST"]
[Termination "Shant_Sargsyan won on time"]

1. Nf3 d5 2. c4 d4 3. b4 f6 4. e3 e5 5. c5 a5 6. Qa4+ Nd7 7. exd4 exd4 8. Nxd4 Qe7+ 9. Be2 Qe4 10.
Bb2 Qxg2 11. Bf3 Qh3 12. Nc3 c6 13. O-O-O Ne5 14. Be4 Nd3+ 15. Bxd3 Qxd3 16. Rde1+ Ne7 17. Ne6 Bxe6 18. Rxe6 Qc4 19. Rhe1 Kf7 20. bxa5 Qxa4 21. Nxa4 Rxa5 22. Nb6 Rxc5+ 23. Bc3 Nd5 24. Nd7 Rb5 25. Kc2 Ba3 26. d4 Rd8 27. Nc5 Bxc5 28. dxc5 Rxc5 0-1

[Event "*** Titled Tuesday Blitz"]
[Site "Chess.com"]
[Date "2020.03.03"]
[Round "7"]
[White "Grandelicious"]
[Black "rasmussvane"]
[Result "0-1"]
[WhiteElo "2715"]
[BlackElo "2874"]
[TimeControl "180+1"]
[EndTime "10:11:03 PST"]
[Termination "rasmussvane won by resignation"]

1. Nf3 d5 2. g3 g6 3. Bg2 Bg7 4. O-O e5 5. d3 Nc6 6. Nbd2 Nge7 7. c4 O-O 8. Rb1 a5 9. b3 Be6 10. Ng5 Bg4 11. h3 Bc8 12. a3 h6 13. Ngf3 Bf5 14. cxd5 Nxd5 15. Bb2 Be6 16. Rc1 e4 17. dxe4 Bxb2 18. exd5 Bxd5 19. Rc2 Bxa3 20. Nc4 Bb4 21. Qc1 Be4 22. Qxh6 Bxf3 23. exf3 Nd4 24. Rb2 Bc3 25. Rbb1 b5 26. Ne3 a4 27. bxa4 bxa4 28. Rfc1 Ne2+ 0-1

[Event "*** Titled Tuesday Blitz"]
[Site "Chess.com"]
[Date "2020.03.03"]
[Round "7"]
[White "Dixit_Nikhil"]
[Black "Keaton87"]
[Result "1-0"]
[WhiteElo "2559"]
[BlackElo "2650"]
[TimeControl "180+1"]
[EndTime "10:11:15 PST"]
[Termination "Dixit_Nikhil won by resignation"]

1. e4 c5 2. Nf3 d6 3. Bb5+ Bd7 4. Bxd7+ Qxd7 5. O-O Nc6 6. Re1 Nf6 7. c3 e6 8. d4 cxd4 9. cxd4 d5 10. e5 Ne4 11.
Nbd2 Nxd2 12. Bxd2 Be7 13. Rc1 O-O 14. Rc3 b5 15. h4 Rac8 16. a3 Bd8 17. Rd3 Ne7 18. Ng5 Nf5 19. g4 Nxh4 20. Rh3 h6 21. Rxh4 Bxg5 22. Bxg5 hxg5 23. Rh2 f5 24. gxf5 Rxf5 25. Qh5 Qc6 26. Qh7+ Kf7 27. Qh5+ Ke7 28. Qg6 Rcf8 29.
Rh7 R8f7 30. Rxg7 Qc2 31. Rxf7+ Rxf7 32. Qxc2 1-0

[Event "*** Titled Tuesday Blitz"]
[Site "Chess.com"]
[Date "2020.03.03"]
[Round "7"]
[White "Zarikovs1999"]
[Black "korbul"]
[Result "0-1"]
[WhiteElo "2347"]
[BlackElo "2538"]
[TimeControl "180+1"]
[EndTime "10:11:23 PST"]
[Termination "korbul won on time"]

1. e4 c5 2. Nf3 e6 3. d4 cxd4 4. Nxd4 Nf6 5. Nc3 d6 6. g3 a6 7. Bg2 Qc7 8. O-O Be7 9. Be3 O-O 10. h3 Nc6 11. Nce2 Ne5 12. b3 b5 13. f4 Ned7 14.
e5 dxe5 15. Bxa8 exd4 16. Bxd4 Nd5 17. Bxd5 exd5 18. Qd3 Nc5 19. Bxc5 Bxc5+ 20. Kh2 d4 21. Rad1 Rd8 22. c3 Qd7 23. g4 Bb7 24. Nxd4 h5 25. Qg3 hxg4 26. hxg4 b4 27. Nf3 Qxd1 28. Rxd1 Rxd1 29. cxb4 Bxb4 30. Ng1 Bc5 0-1

[Event "*** Titled Tuesday Blitz"]
[Site "Chess.com"]
[Date "2020.03.03"]
[Round "7"]
[White "letsgoband"]
[Black "Chessalary"]
[Result "0-1"]
[WhiteElo "2474"]
[BlackElo "2235"]
[TimeControl "180+1"]
[EndTime "10:11:26 PST"]
[Termination "Chessalary won by resignation"]

1. e4 c5 2. Nf3 d6 3. Bb5+ Bd7 4. Bxd7+ Qxd7 5. O-O Nc6 6. Qe2 Nf6 7. Rd1 e6 8. c4 Be7 9. d4 cxd4 10. Nxd4 O-O 11. Nc3 Nxd4 12. Rxd4 Qc6 13. b3 Nd7 14. Bb2 Bf6 15.
Rd2 Nc5 16. f3 Rfd8 17. Rad1 a6 18. e5 dxe5 19. Rxd8+ Rxd8 20. Rxd8+ Bxd8 21. Qxe5 Bc7 22. Qe2 Qd6 23. g3 Qd4+ 24. Kg2 Nd3 25. Nd1 Nxb2 26. Nxb2 Bb6 27. Nd3 h5 28. f4 Kf8 29. Ne5 f6 30. Ng6+ Kf7 31. Qxh5 Qe4+ 32. Qf3 Qxf3+ 33. Kxf3 Kxg6 0-1

[Event "*** Titled Tuesday Blitz"]
[Site "Chess.com"]
[Date "2020.03.03"]
[Round "7"]
[White "elohunter1999"]
[Black "ChelsieMonica"]
[Result "1-0"]
[WhiteElo "2441"]
[BlackElo "2145"]
[TimeControl "180+1"]
[EndTime "10:11:26 PST"]
[Termination "elohunter1999 won by resignation"]

1. e4 e6 2. d4 d5 3. Nc3 Bb4 4. e5 Ne7 5. a3 Bxc3+ 6. bxc3 c5 7. Qg4 Ng6 8. Bd3 c4 9. Be2 f5 10. Qg3 O-O 11. h4 f4 12. Qh2 Qa5 13. Bd2 Nc6 14. h5 Nge7 15. Nh3 Qa4 16. Bd1 Nxd4 17. cxd4 c3 18. Bxc3 Qc4 19. Bb2 Nf5 20. Qxf4 Bd7 21. Qd2 Rac8 22. Rc1 Ba4 23. Be2 Qc7 24. O-O h6 25.
Nf4 Qf7 26. Ng6 Rfd8 27. c4 dxc4 28. Rxc4 Rxc4 29. Bxc4 Bc6 30. Qf4 Nxd4 31. Bxd4 Qxf4 32. Nxf4 Rxd4 33. Bxe6+ Kf8 34. Ng6+ Ke8 35. Bg8 Rg4 36. f3 Rg5 37. e6 Rxh5 38. Bf7+ Kd8 39. e7+ Kc7 40.
Rc1 1-0

[Event "*** Titled Tuesday Blitz"]
[Site "Chess.com"]
[Date "2020.03.03"]
[Round "7"]
[White "HarryCun"]
[Black "Redbandit87"]
[Result "1-0"]
[WhiteElo "2124"]
[BlackElo "2404"]
[TimeControl "180+1"]
[EndTime "10:11:28 PST"]
[Termination "HarryCun won by resignation"]

1. d4 d5 2. c4 e6 3. Nf3 Nf6 4. g3 Be7 5. Bg2 O-O 6. O-O c6 7. Qc2 Ne4 8. Nbd2 f5 9. Ne5 Bf6 10.
f4 b6 11. b3 Bb7 12. Bb2 Nd7 13. e3 Rc8 14. Ndf3 h6 15. Nxd7 Qxd7 16. Ne5 Bxe5 17. fxe5 c5 18. Bxe4 dxe4 19. Rad1 cxd4 20. Rxd4 Qe7 21.
Rfd1 Rfd8 22. Qd2 Rxd4 23. Qxd4 Kf8 24. Qd7 Re8 25. Qxe7+ Rxe7 26. Ba3 Ke8 27. Bxe7 Kxe7 28. Rd6 g5 29. Kf2 h5 30. b4 Ba8 31. c5 bxc5 32. bxc5 Bd5 33. a4 a5 34. Ra6 Kd7 35. Rxa5 Kc6 36. Rb5 Bc4 37. Rb8 Kxc5 38. a5 Kd5 39.
Rb4 Bd3 40. Rd4+ Kc5 41. Rd6 Bc4 42. a6 Bd5 43. a7 Bb7 44. Rxe6 Kd5 45. Re7 Bc6 46.
Rc7 Ba8 47. Rc8 Bb7 48. a8=Q Bxa8 49. Rxa8 Kxe5 50. Ra5+ 1-0

[Event "*** Titled Tuesday Blitz"]
[Site "Chess.com"]
[Date "2020.03.03"]
[Round "7"]
[White "Micki-taryan"]
[Black "vladislavkovalev"]
[Result "1-0"]
[WhiteElo "3018"]
[BlackElo "2895"]
[TimeControl "180+1"]
[EndTime "10:11:33 PST"]
[Termination "Micki-taryan won on time"]

1. d4 Nf6 2. Nf3 e6 3. c4 d5 4.
Nc3 Be7 5. Bg5 h6 6. Bxf6 Bxf6 7. e3 O-O 8. Rc1 c6 9. Bd3 Nd7 10. O-O Re8 11. Qe2 a6 12. Rfd1 Qe7 13. e4 dxc4 14.
Bxc4 e5 15. d5 Nb6 16. dxc6 bxc6 17. h3 a5 18. a3 Bg5 19. Rb1 Bf4 20. Ba2 Ba6 21. Qc2 h5 22. Ne2 Bh6 23. Ng3 Rac8 24. Nf5 Qf8 25. Nd6 Rc7 26. Qc5 Nc8 27. Qxa5 Nxd6 28.
Qxc7 Nxe4 29. Qxc6 1-0